AoeStats
← 海峡

Migration

504143123Analyzed
1v1 RM · 29d ago on Sep 4, 2026· 49m 24s· 2 players
Game mode
Random Map
Map size
132×132
Population
200
Speed
Normal
Resources
Standard
Victory
Conquest
Starting age
Dark Age
Ending age
Imperial Age
RankedLock teamsTeams togetherTeam positionsShared explorationLock speedFull tech treeHidden civsTurbo modeCheats
Victory
Defeat
🇦🇷 Italians · Argentina
1720
+20
🇨🇳 Burgundians · China
1807
-20
DS_Nexus
12:08 Feudal Age
13:37 Double-Bit Axe
16:08 Castle Age
14:13 Fishing Lines
15:01 Fletching
17:03 Medium Warships
16:52 Bodkin Arrow
17:08 Bow Saw
17:46 Gold Mining
22:18 Ballistics
25:08 Imperial Age
24:51 Forging
26:30 Heavy Warships
26:15 Bracer
28:41 Loom
30:18 Scale Mail Armor
31:29 Chain Mail Armor
32:05 Wheelbarrow
33:03 Plate Mail Armor
34:08 Squires
34:40 Clinker Construction
36:58 Iron Casting
37:32 Careening
38:55 Blast Furnace
43:01 Padded Archer Armor
43:29 Crossbowman
45:01 Arbalester
48:00 Hand Cart
海峡
3:43 Double-Bit Axe
10:38 Fishing Lines
13:41 Feudal Age
12:44 Gold Mining
14:25 Gillnets
15:22 Bow Saw
17:31 Castle Age
16:28 Gold Shaft Mining
16:44 Wheelbarrow
18:30 Medium Warships
19:20 Clinker Construction
19:50 Guilds
21:28 Two-Man Saw
21:49 Siphons
30:20 Imperial Age
29:13 Careening
29:55 Hand Cart
29:26 Loom
29:39 Treadmill Crane
30:09 Masonry
31:28 Carvel Hull
30:32 Demolition Ship
31:37 Heavy Warships
32:29 Incendiaries
35:32 Architecture
36:13 Scale Mail Armor
36:23 Forging
36:37 Town Watch
38:21 Chemistry
38:58 Demolition Ship
40:22 Chain Mail Armor
41:35 Iron Casting
42:24 Plate Mail Armor
43:39 Blast Furnace
43:47 Squires
43:33 Arson
46:58 Fletching
48:23 Ballistics
Connection lost

Rejoining the realm…

Still unreachable

The connection could not be restored.

Session expired

The server has moved on; the page needs a fresh start.